[Event "*** Titled Tuesday Blitz"]
[Site "Chess.com"]
[Date "2019.05.07"]
[Round "5"]
[White "TheBigBadChessDad"]
[Black "MathiasWomacka"]
[Result "1/2-1/2"]
[WhiteElo "2315"]
[BlackElo "2236"]
[TimeControl "180+2"]
[EndTime "14:10:27 PDT"]
[Termination "Game drawn by agreement"]

1. d4 Nf6 2. Nf3 e6 3. Bf4 c5 4.
e3 Qb6 5. b3 Nc6 6. Bd3 cxd4 7.
exd4 Nxd4 8. Be5 Nxf3+ 9. Qxf3 Be7 10. c4 d6 11. Bb2 Bd7 12. O-O Bc6 13. Qg3 O-O 14.
Nc3 Rfd8 15. Rad1 d5 16. cxd5 Bxd5 17. Nxd5 Rxd5 18. Be4 Rxd1 19. Rxd1 Rd8 20. Rxd8+ Qxd8 21. h3 Qd1+ 22. Kh2 Bd6 23. Be5 Bxe5 24. Qxe5 Qd7 25.
Qb8+ Ne8 26. Qxa7 f5 27. Bxb7 Nd6 28. Qb8+ Kf7 29. Bf3 e5 30. Bd5+ Kg6 31. Qg8 e4 32. Qe6+ Qxe6 33. Bxe6 Kf6 34. Bg8 h6 35. Kg1 Ke5 36.
Kf1 f4 37. Ke2 Kd4 38. b4 Kc3 39. a3 Nb5 40. Bd5 Kd4 41. Bc6 Nxa3 42. b5 Nc4 43. g3 g5 44. h4 e3 45. gxf4 gxf4 46. fxe3+ fxe3 47. h5 Kc5 48. Kd3 Ne5+ 49. Kxe3 Nxc6 50. bxc6 Kxc6 51. Ke4 Kd6 52. Kf5 Ke7 53. Kg6 Kf8 54.
Kh7 Kf7 55. Kxh6 Kg8 1/2-1/2

[Event "*** Titled Tuesday Blitz"]
[Site "Chess.com"]
[Date "2019.05.07"]
[Round "5"]
[White "HansCoolNiemann"]
[Black "ZuchBolt"]
[Result "1-0"]
[WhiteElo "2504"]
[BlackElo "2298"]
[TimeControl "180+2"]
[EndTime "14:10:28 PDT"]
[Termination "HansCoolNiemann won by resignation"]

1. d4 d5 2. c4 c6 3. Nf3 Nf6 4.
e3 Bf5 5. Nc3 a6 6. Qb3 Ra7 7.
Bd2 e6 8. Nh4 Bg4 9. f3 Bh5 10.
f4 Ne4 11. Nxe4 Qxh4+ 12. Nf2 Nd7 13. g3 Qd8 14. Bg2 Bd6 15. e4 dxe4 16. Nxe4 Be7 17. O-O O-O 18. Be3 Qa5 19. d5 Nc5 20. Nxc5 Bxc5 21.
dxe6 fxe6 22. Rfe1 Bf7 23. Rad1 Bxe3+ 24. Rxe3 Qc5 25.
Qc3 b5 26. cxb5 Qxc3 27. Rxc3 cxb5 28. Rc6 e5 29. fxe5 Bxa2 30. Ra1 Bc4 31. Raxa6 Rxa6 32. Rxa6 Re8 33. e6 Rxe6 34. Rxe6 Bxe6 35. Kf2 Kf7 36.
Ke3 Kf6 37. Kd4 Bc4 38. Kc5 Kf5 39. Bc6 Kg4 40. Bxb5 Be6 41. Bc6 Kh3 42. b4 Kxh2 43. b5 Kxg3 44. b6 Bc8 45. Kd6 h5 46. Kc7 Ba6 47. Bb5 Bxb5 48. b7 h4 49. b8=Q h3 50. Kb6+ Kg2 51. Qb7+ Kg1 52. Qxg7+ Kh1 53. Qa1+ Kg2 54.
Qb2+ Kh1 55. Qc1+ Kg2 56. Qd2+ Kh1 57. Qd5+ Kg1 58. Qg5+ Kh1 59. Qxb5 Kg1 60. Qg5+ Kh1 61. Qf4 Kg2 62. Qg4+ Kh2 63. Qf3 1-0

[Event "*** Titled Tuesday Blitz"]
[Site "Chess.com"]
[Date "2019.05.07"]
[Round "5"]
[White "albi1999"]
[Black "Ind1anStar"]
[Result "1-0"]
[WhiteElo "2545"]
[BlackElo "2476"]
[TimeControl "180+2"]
[EndTime "14:10:34 PDT"]
[Termination "albi1999 won by resignation"]

1. d4 Nf6 2. c4 e6 3. Nf3 d5 4. g3 Be7 5. Bg2 O-O 6. O-O dxc4 7. Qc2 a6 8. a4 Bd7 9. Rd1 Bc6 10. Bg5 a5 11.
Bxf6 Bxf6 12. e4 Na6 13. Nbd2 Nb4 14. Qxc4 Rb8 15. b3 b5 16. axb5 Bxb5 17. Qc3 c6 18.
Nc4 Ra8 19. Nxa5 Be2 20. Nb7 Qb6 21. Nc5 Bxd1 22. Rxd1 Rfd8 23. h4 Ra2 24. Na4 Qb8 25.
Qc5 e5 26. Nc3 Rc2 27. Ne1 Rxc3 28. Qxc3 exd4 29. Qc4 Qb5 30. Bf1 Qxc4 31. Bxc4 g6 32. Nd3 Nxd3 33. Bxd3 Rb8 34. Bc4 Ra8 35. Rd2 Ra1+ 36.
Kg2 h6 37. f4 c5 38. e5 Be7 39.
h5 Kg7 40. hxg6 fxg6 41. Kf3 Rc1 42. Rd3 Kf8 43. Ke4 Ke8 44. Kd5 Re1 45. Ke6 Kf8 46. g4 Rf1 47. f5 gxf5 48. gxf5 Re1 49. f6 Bd8 50. Rg3 Rxe5+ 51. Kd7 Rg5 52. Rf3 Ba5 53. f7 Bc3 54. Rf6 Re5 55. Rxh6 Re7+ 56. Kd6 Rxf7 57. Bxf7 Kxf7 58. Kxc5 d3 59. Rh3 d2 60. Rd3 Ke6 61. Kc4 Ba5 62. b4 Bb6 63.
Rxd2 1-0

[Event "*** Titled Tuesday Blitz"]
[Site "Chess.com"]
[Date "2019.05.07"]
[Round "5"]
[White "Karacsonyi_Gellert"]
[Black "Jahonas"]
[Result "1/2-1/2"]
[WhiteElo "2558"]
[BlackElo "2380"]
[TimeControl "180+2"]
[EndTime "14:10:35 PDT"]
[Termination "Game drawn by repetition"]

1. e4 c6 2. d4 d5 3. exd5 cxd5 4. Bd3 Nf6 5. c3 Nc6 6. Bg5 g6 7. Nf3 Bg7 8. O-O O-O 9. Nbd2 Bf5 10. Qc2 Bxd3 11. Qxd3 Qc7 12. Bh4 e6 13. Bg3 Qb6 14.
Qc2 Rac8 15. Qb3 Na5 16. Qxb6 axb6 17. Ne5 Rfd8 18. a4 Nd7 19. Bh4 f6 20. Nxd7 Rxd7 21.
Rfe1 Kf7 22. f4 Nc4 23. Nxc4 Rxc4 24. g4 f5 25. gxf5 gxf5 26. a5 bxa5 27. Rxa5 Rc6 28. Rb5 Ra6 29. Kf2 Bf8 30. Kf3 Bd6 31. Bg5 b6 32.
Bh6 Be7 33. Rg1 Bf6 34. Bg5 Bg7 35. Bh4 Bf8 36. Bf2 Rb7 37. h4 Ra5 38. Rb3 b5 39. h5 b4 40. cxb4 Rxb4 41. Rxb4 Bxb4 42. Rc1 Ra7 43. Rc8 Bf8 44. Rb8 Rc7 45. Be1 Kg7 46. Rb6 Kf7 47. b4 Rc1 48. Rb7+ Kg8 49. Bh4 h6 50. b5 Rc3+ 51. Ke2 Rh3 52. Bf6 Rxh5 53.
b6 Rh2+ 54. Kd3 Rb2 55. Rb8 Kf7 56. Be5 h5 57. Rb7+ Kg6 58. Rb8 Kf7 59. Rb7+ Kg8 60. Rb8 Kf7 61. Rb7+ 1/2-1/2

[Event "*** Titled Tuesday Blitz"]
[Site "Chess.com"]
[Date "2019.05.07"]
[Round "5"]
[White "Orange_Ghost"]
[Black "Sebastian"]
[Result "0-1"]
[WhiteElo "2664"]
[BlackElo "2899"]
[TimeControl "180+2"]
[EndTime "14:10:38 PDT"]
[Termination "Sebastian won by resignation"]

1. d4 d5 2. c4 dxc4 3. Nf3 f6 4. e4 e6 5. Bxc4 Bb4+ 6. Nc3 Ne7 7. O-O Nbc6 8. Qb3 Bxc3 9. Qxc3 O-O 10. Rd1 Kh8 11. b4 a6 12. a4 Ng6 13. b5 axb5 14. axb5 Rxa1 15. Qxa1 Nce7 16. Qa2 e5 17. Ba3 Bg4 18.
Be2 Qc8 19. h3 Be6 20. Qd2 Rd8 21. Qb2 Bxh3 22. gxh3 Qxh3 23. Bxe7 Nxe7 24. Nh2 Ng6 25. Bg4 Qh4 26. dxe5 Rxd1+ 27. Bxd1 fxe5 28. Qd2 Nf4 29. Bf3 h5 30. Qe3 Nh3+ 31. Kg2 Nf4+ 32. Kh1 Kh7 33. Bg2 Qg5 34. Qg3 Qf6 35. Nf3 Kh6 36. Nh4 g6 37. Bf3 c6 38. b6 c5 39. Ng2 Nd3 40. Ne3 Nf4 41. Bg2 Qe6 42. Kh2 c4 43. Bf1 c3 44.
Qf3 Qxb6 45. Nc2 Qc5 46. Kg1 b5 47. Qe3 Qc6 48. Nb4 Qd6 49. Nd5 b4 50. Nxf4 exf4 51. Qd3 Qxd3 52. Bxd3 b3 53. Kf1 c2 0-1

[Event "*** Titled Tuesday Blitz"]
[Site "Chess.com"]
[Date "2019.05.07"]
[Round "5"]
[White "Casper_Schoppen"]
[Black "PowerThinking2650"]
[Result "1-0"]
[WhiteElo "2626"]
[BlackElo "2389"]
[TimeControl "180+2"]
[EndTime "14:10:42 PDT"]
[Termination "Casper_Schoppen won by resignation"]

1. c4 Nf6 2. Nc3 g6 3. g3 Bg7 4. Bg2 O-O 5. e4 d6 6. Nge2 c5 7. O-O Nc6 8. d3 Ne8 9. f4 Nc7 10. f5 Rb8 11. a4 Na6 12. g4 Nab4 13. g5 Ne5 14. Nf4 gxf5 15. Ncd5 fxe4 16. Bxe4 Bg4 17. Qe1 Nxd5 18. Nxd5 Bh5 19. Qh4 Bg6 20. Bd2 Nxd3 21.
Bxd3 Bxd3 22. Rf3 Bg6 23. Bc3 Bxc3 24. bxc3 Qd7 25. Re1 Rbe8 26. Rh3 Qf5 27. Rhe3 Kg7 28. Qg3 h6 29. gxh6+ Kxh6 30. Re4 Kg7 31. Rf4 Qh5 32. Nxe7 Rxe7 33. Rxe7 Qh6 34. Rxb7 a5 35. Re7 Qh5 36. Re1 Rh8 37. Ref1 Qh3 38. Qxh3 Rxh3 39. R1f3 Rh8 40.
Re3 Rb8 41. h4 Rb3 42. Rg3 Kh6 43. Rf6 Kh5 44. Rxd6 Kxh4 45. Re3 Bh5 46. Kf2 Bg4 47. Rd2 f5 48. Re5 Rxc3 49. Rxc5 Rf3+ 50. Kg1 Bh3 51.
Rc8 Kg3 52. Rg8+ Bg4 53. Rg2+ Kf4 54. Rf2 Rxf2 55. Kxf2 Ke4 56. Rd8 f4 57. c5 Be6 58.
c6 Bg4 59. c7 1-0

[Event "*** Titled Tuesday Blitz"]
[Site "Chess.com"]
[Date "2019.05.07"]
[Round "5"]
[White "VSERGUEI"]
[Black "Msb2"]
[Result "0-1"]
[WhiteElo "2619"]
[BlackElo "2957"]
[TimeControl "180+2"]
[EndTime "14:10:48 PDT"]
[Termination "Msb2 won on time"]

1. d4 d5 2. c4 c6 3. cxd5 cxd5 4.
Bf4 Nc6 5. e3 Nf6 6. Nc3 a6 7.
Be2 Bf5 8. Nf3 e6 9. Qb3 Nh5 10.
Qxb7 Na5 11. Qc7 Nxf4 12. Qxd8+ Rxd8 13. exf4 Rb8 14. O-O-O Bb4 15. Bd3 Bxc3 16. bxc3 Bxd3 17. Rxd3 Nc4 18. Ne5 Na3 19. Rhd1 f6 20. Nc6 Rb1+ 21. Kd2 Rb2+ 22. Ke3 Nc4+ 23. Kf3 Rb6 24. Nb4 Nb2 25.
Re1 Nxd3 26. Nxd3 Kf7 27. Nc5 a5 28. a4 Rc8 29. g4 Rb2 30. h4 Rc2 31. Re3 Rc6 32. g5 Rb6 33. Kg3 Rb1 34. Nxe6 Rg1+ 35. Kf3 Rf1 36. h5 Rfxf2+ 37. Kg3 Rg2+ 38. Kh3 Rh2+ 39. Kg4 Rcg2+ 40. Kf3 Rh3+ 41. Kxg2 Rxe3 42. Nd8+ Ke8 43.
Nb7 Rxc3 44. Nxa5 Ra3 45. Nc6 Rxa4 46. h6 gxh6 47. gxf6 Kf7 48. Kf3 Kxf6 49. Kg4 Rc4 50. Nb8 Rxd4 51. Nd7+ Ke7 52. Ne5 Ke6 53. Nf3 Rd1 54. Ne5 d4 55. Kf3 Kf5 56. Nc6 Rf1+ 57. Ke2 Rxf4 58. Kd3 h5 59. Nxd4+ Rxd4+ 60. Kxd4 Kf4 61. Kd3 Kf3 62. Kd2 Kf2 63. Kd3 h4 64. Ke4 Kg3 65. Ke3 h3 66. Ke2 h2 67. Kf1 h5 0-1

[Event "*** Titled Tuesday Blitz"]
[Site "Chess.com"]
[Date "2019.05.07"]
[Round "5"]
[White "MITerryble"]
[Black "oskariot"]
[Result "1-0"]
[WhiteElo "2815"]
[BlackElo "2578"]
[TimeControl "180+2"]
[EndTime "14:10:59 PDT"]
[Termination "MITerryble won by resignation"]

1. e4 e6 2. d4 d5 3. exd5 exd5 4. Nf3 Nc6 5. h3 Bd6 6. Nc3 Nge7 7. Nb5 Bb4+ 8. c3 Ba5 9. Bd3 O-O 10. Qc2 Ng6 11. O-O Nce7 12. Re1 c6 13. Na3 Bc7 14. Bg5 f6 15.
Bd2 Qd6 16. c4 Be6 17. c5 Qd7 18. Re2 Bf5 19. Bxf5 Nxf5 20. Rae1 Ngh4 21. Nxh4 Nxh4 22.
Re7 Qd8 23. Bh6 Rf7 24. Rxf7 Kxf7 25. Qxh7 Qh8 26. Qxh8 Rxh8 27. Bd2 Nf5 28. Nc2 Rh4 29. Bc3 g5 30. f3 Rh8 31. Ne3 Nxe3 32. Rxe3 Bf4 33.
Re2 b6 34. Kf2 bxc5 35. dxc5 Rd8 36. g3 Bc7 37. Bd4 Rh8 38. Kg2 Rb8 39. Bc3 Rd8 40.
Bd4 Rb8 41. Rc2 Rb4 42. Bf2 d4 43. Rd2 Be5 44. b3 Ke6 45. f4 gxf4 46. gxf4 Bxf4 47.
Rxd4 Rxd4 48. Bxd4 f5 49. h4 Bh6 50. Kf3 Kd5 51.
Be3 Bf8 52. h5 Ke6 53. b4 a6 54. a4 Kf6 55. h6 Kg6 56. b5 axb5 57. axb5 cxb5 58.
c6 Bd6 59. Bf4 Bxf4 60. Kxf4 b4 61. c7 1-0

[Event "*** Titled Tuesday Blitz"]
[Site "Chess.com"]
[Date "2019.05.07"]
[Round "5"]
[White "AryanTari"]
[Black "wonderfultime"]
[Result "1/2-1/2"]
[WhiteElo "2874"]
[BlackElo "2942"]
[TimeControl "180+2"]
[EndTime "14:11:04 PDT"]
[Termination "Game drawn by agreement"]

1. e4 c5 2. Nf3 Nf6 3. e5 Nd5 4. Nc3 e6 5. Nxd5 exd5 6. d4 Nc6 7. dxc5 Bxc5 8. Qxd5 d6 9. Be3 Be6 10. Qd2 Bxe3 11. Qxe3 dxe5 12. c3 f6 13. Bb5 O-O 14. O-O Qe7 15. Bxc6 bxc6 16. Nd2 Rfd8 17. Ne4 Rd5 18.
b4 Rad8 19. Nc5 Bf7 20. f4 h6 21. Rae1 Qc7 22. a3 exf4 23. Qxf4 Qxf4 24. Rxf4 Rd2 25. Rf2 Bc4 26. Re8+ Rxe8 27. Rxd2 Re1+ 28. Kf2 Rc1 29.
Rd7 a6 30. Rc7 Rxc3 31. a4 Rc2+ 32. Ke3 Rxg2 33. Rxc6 Rb2 34. a5 Rxb4 35. Rb6 Rb5 36. Kd4 Bf1 37. Rxa6 Rb2 38. Rb6 Rxh2 39. Rb1 Bh3 40.
Ra1 Rd2+ 41. Kc3 Rd8 42. a6 Bg2 43. a7 Ra8 44. Nd7 Kh7 45. Nb6 Rd8 46. a8=Q Bxa8 47. Rxa8 Rd6 48. Nc4 Rd7 49. Ra6 h5 50. Rd6 Re7 51. Kd3 Kg6 52. Ne3 h4 53. Ke2 Kg5 54. Kf3 f5 55. Rd1 g6 56. Rg1+ Kh5 57. Nd5 Rg7 58.
Kf4 Kh6 59. Rh1 g5+ 60. Kxf5 Rf7+ 61. Nf6 Kg7 62. Kxg5 Rxf6 63. Rxh4 1/2-1/2

[Event "*** Titled Tuesday Blitz"]
[Site "Chess.com"]
[Date "2019.05.07"]
[Round "5"]
[White "muran29"]
[Black "Frolik67"]
[Result "1-0"]
[WhiteElo "2458"]
[BlackElo "2588"]
[TimeControl "180+2"]
[EndTime "14:11:07 PDT"]
[Termination "muran29 won on time"]

1. d4 e6 2. c4 d5 3. Nc3 Nf6 4. Bg5 c6 5. e3 Nbd7 6. cxd5 exd5 7. Nf3 Bd6 8. Bd3 O-O 9. O-O Re8 10. Qc2 h6 11. Bh4 Qc7 12. Rac1 Qb8 13. a3 a6 14. b4 g5 15. Bg3 Nf8 16. e4 dxe4 17. Nxe4 Nxe4 18.
Bxe4 Be6 19. Ne5 f6 20. Ng6 Bf7 21. Nxf8 Kxf8 22. Bg6 Re7 23. Bxf7 Rxf7 24. Qg6 Bf4 25. Rce1 Qd6 26. Bxf4 Qxf4 27. Re4 Rg7 28. Qxg7+ Kxg7 29. Rxf4 gxf4 30. Re1 Rd8 31. Re4 f3 32. gxf3 Kg6 33.
Kg2 f5 34. Re7 Rxd4 35. Rxb7 Rd3 36. a4 Ra3 37. a5 Kg5 38. Rb6 c5 39. bxc5 Rxa5 40. c6 Ra2 41. f4+ Kh5 42. Kf3 Rc2 43. Ke3 a5 44. Kd4 Kg4 45. Kd5 Kxf4 46. Rb5 Kf3 47.
Rc5 Rd2+ 48. Ke5 Rd8 49. Kxf5 a4 50. Ke6 a3 51. Rc3+ Kxf2 52. Rxa3 Kg2 53. h4 Rd1 54.
Rc3 Re1+ 55. Kf6 Rf1+ 56. Kg6 Rf8 57. c7 Rg8+ 58. Kxh6 Rh8+ 59. Kg7 Rc8 60. h5 Kf2 61. h6 Ke2 62. h7 Kd2 63. Rc6 Rxc7+ 64.
Rxc7 1-0

[Event "*** Titled Tuesday Blitz"]
[Site "Chess.com"]
[Date "2019.05.07"]
[Round "5"]
[White "M1711"]
[Black "volcanoexplorer"]
[Result "1-0"]
[WhiteElo "2461"]
[BlackElo "2602"]
[TimeControl "180+2"]
[EndTime "14:11:07 PDT"]
[Termination "M1711 won by checkmate"]

1. e4 e5 2. Nf3 Nc6 3. d4 exd4 4. Nxd4 Bc5 5. Be3 Qf6 6. c3 Nge7 7. Bb5 O-O 8. O-O Bb6 9. f4 d5 10. e5 Qg6 11. Bd3 Bxd4 12. cxd4 Bf5 13. Bxf5 Nxf5 14. Bf2 h5 15. Nc3 Nce7 16. Qf3 c6 17. Kh1 Nh6 18. h3 Nef5 19. g3 f6 20. Rg1 fxe5 21. dxe5 Ne7 22. g4 hxg4 23. hxg4 Qe6 24. Rae1 Ng6 25.
f5 Qe7 26. Qg3 Nh8 27. Bd4 Rae8 28. e6 Qg5 29. Be3 Qe7 30. Bxh6 gxh6 31. Ne2 Qg5 32.
Nf4 Kh7 33. Nh3 Qf6 34. Re2 Rg8 35. Qf3 Rg7 36. Nf4 Qh4+ 37. Nh3 Reg8 38. Reg2 Qf6 39.
Nf4 Rg5 40. Nh3 R5g7 41. Qf4 Qh4 42. Kh2 Rf8 43. Qg3 Qf6 44. Rf1 Qe7 45. Nf4 Kg8 46. Nh5 Rg5 47. Qf3 Ng6 48. Qg3 Qe8 49. Re2 d4 50. Kg2 Qd8 51. fxg6 Qd5+ 52. Rf3 d3 53.
Rd2 Re5 54. g7 Rxf3 55. Qxf3 Re2+ 56. Rxe2 dxe2 57. Qxd5 cxd5 58. Kf2 d4 59. Kxe2 d3+ 60. Kxd3 b5 61. e7 Kf7 62. g8=Q+ Kxg8 63. e8=Q+ Kh7 64. Qf7+ Kh8 65. Qg7# 1-0

[Event "*** Titled Tuesday Blitz"]
[Site "Chess.com"]
[Date "2019.05.07"]
[Round "5"]
[White "blitzking1729"]
[Black "IIIlllII1llIl"]
[Result "0-1"]
[WhiteElo "2484"]
[BlackElo "2728"]
[TimeControl "180+2"]
[EndTime "14:11:08 PDT"]
[Termination "IIIlllII1llIl won by checkmate"]

1. d4 g6 2. e4 Bg7 3. Nc3 d6 4. Be3 a6 5. a4 Nf6 6. h3 O-O 7. Qd2 e5 8. Nf3 Nc6 9. Be2 exd4 10. Nxd4 Re8 11. Nxc6 bxc6 12. Bf3 Rb8 13. Rb1 a5 14. O-O Ba6 15. Rfe1 Nd7 16. b3 Ne5 17. Be2 Bxe2 18. Nxe2 c5 19. c4 Nc6 20. f3 Qd7 21.
Nf4 Rb7 22. Nd5 Reb8 23. Bh6 Bh8 24. Re3 Nd4 25. Rd3 c6 26. Ne3 Nxb3 27. Rbxb3 Rxb3 28. Rxd6 Qe8 29. Bf4 Rb1+ 30. Kh2 Be5 31. Ng4 R1b2 32.
Bxe5 Rxd2 33. Nf6+ Kf8 34. Nxe8 Rbb2 35. Rxd2 Rxd2 36.
Nd6 Ke7 37. Nb7 Rc2 38. Nxa5 Kd7 39. Bf4 f6 40. Be3 Kd6 41. Nb7+ Kc7 42. Nxc5 Rxc4 43. a5 Rc2 44. Kg3 Kd6 45. a6 Ra2 46. f4 h5 47. Kf3 Ra3 48. g4 h4 49. g5 fxg5 50.
fxg5 Ke5 51. Ke2 Ra2+ 52. Kd3 Ra3+ 53. Kd2 Ra2+ 54. Kc1 Ra3 55. Kb2 Ra5 56. Kb3 Ra1 57. Na4 Rb1+ 58. Kc4 Ra1 59. Kb4 Rb1+ 60. Ka5 Rb5# 0-1

[Event "*** Titled Tuesday Blitz"]
[Site "Chess.com"]
[Date "2019.05.07"]
[Round "5"]
[White "Ambitiousresolutions"]
[Black "Alexander_Moskalenko"]
[Result "0-1"]
[WhiteElo "2700"]
[BlackElo "2871"]
[TimeControl "180+2"]
[EndTime "14:11:09 PDT"]
[Termination "Alexander_Moskalenko won by checkmate"]

1. e4 e5 2. Nf3 Nc6 3. Bc4 Bc5 4. O-O Nf6 5. d3 d6 6. a4 a5 7. c3 h6 8. Re1 O-O 9. h3 Ba7 10. Nbd2 Ne7 11. Nf1 Ng6 12. Ng3 c6 13. Bb3 d5 14.
Be3 Bxe3 15. Rxe3 dxe4 16. dxe4 Qc7 17. Qc2 Bd7 18. Rd1 Rad8 19. Red3 Bc8 20. Rxd8 Rxd8 21.
Bc4 Rd6 22. Rxd6 Qxd6 23. Qb3 Qc7 24. Qd1 Kf8 25. Qd3 Nf4 26. Qd2 Be6 27. Bxe6 Nxe6 28. Ne1 Nf4 29. Qe3 g6 30. Ne2 Kg7 31. Nxf4 exf4 32.
Qd4 c5 33. Qc4 Qe7 34. Nd3 Nxe4 35. Nxf4 Nd2 36. Qe2 Qxe2 37. Nxe2 Kf6 38. f3 Ke5 39. Kf2 Nc4 40. b3 Nd2 41. Nc1 Nb1 42. Ne2 c4 43. bxc4 Nd2 44. Nc1 Nxc4 45. Nb3 b6 46. Ke2 Nb2 47. Nd2 Nxa4 48. Kd3 Kd5 49. c4+ Kc5 50.
Ne4+ Kb4 51. Nd6 Nb2+ 52. Kc2 Nxc4 53. Nxf7 h5 54. g4 a4 55. gxh5 gxh5 56. f4 b5 57. Nd8 a3 58. Kb1 Kb3 59. Nc6 Ne3 60. Na5+ Ka4 61.
Nc6 b4 62. Nd4 b3 63. f5 Nd5 64. Ne2 Kb4 65. Ka1 Nc3 66. Nxc3 Kxc3 67. f6 Kc2 68. f7 b2+ 69. Ka2 b1=Q+ 70. Kxa3 Qb3# 0-1

[Event "*** Titled Tuesday Blitz"]
[Site "Chess.com"]
[Date "2019.05.07"]
[Round "5"]
[White "Jbd735"]
[Black "SirStrateg"]
[Result "1/2-1/2"]
[WhiteElo "2470"]
[BlackElo "2520"]
[TimeControl "180+2"]
[EndTime "14:11:09 PDT"]
[Termination "Game drawn by agreement"]

1. e4 d6 2. d4 Nf6 3. Nc3 c6 4. Nf3 Bg4 5. h3 Bh5 6. g4 Bg6 7. Bd3 e6 8. Bg5 Qb6 9. Qd2 d5 10. Bxf6 gxf6 11. O-O-O Na6 12. exd5 cxd5 13. Bb5+ Kd8 14.
Qf4 Be7 15. Rhe1 Nb4 16. Ba4 Rc8 17. Bb3 Qd6 18. Qh6 Bf8 19. Qd2 h5 20. Kb1 hxg4 21. hxg4 a6 22. Rh1 Rxh1 23. Rxh1 Nc6 24. Nh4 Bh7 25. Nf5 Bxf5 26. gxf5 Kc7 27. Rh7 Kb8 28.
Rxf7 e5 29. Nxd5 Nxd4 30. Rxf6 Qd8 31. Rf7 Bh6 32. Qb4 Nb5 33. a4 Nd6 34. Rf6 Bf8 35. Qb6 Ne4 36. Qxd8 Rxd8 37. Rf7 Nxf2 38. Nb6 Bd6 39. Rd7 Rxd7 40. Nxd7+ Kc7 41. Nf6 e4 42. Nd5+ Kd7 43. c3 Bc5 44. Kc2 e3 45. Nf4 Ke7 46. Nd5+ Kd7 47. Nf4 a5 48. f6 b6 49. f7 Ne4 50. Kd3 Nf6 51. Ng6 Nh7 52. Ke2 Kd8 53. Bc4 Kd7 54. Ne5+ Ke7 55. Ng4 Ng5 56. Nxe3 Nxf7 57.
Nf5+ Kf6 58. Bxf7 Kxf5 59. Bc4 Ke4 60. Bd3+ Kf4 61. Kd1 Ke3 62. Kc2 Bd6 63. Bb5 Ke4 64. Kb3 Kd5 65. Bf1 Kc5 66. Bg2 Be5 67. Kc2 Bf4 68. b3 Bg3 69. Kd3 Be1 70. Bf3 Bf2 71. Be2 Be1 72. Bf3 1/2-1/2

[Event "*** Titled Tuesday Blitz"]
[Site "Chess.com"]
[Date "2019.05.07"]
[Round "5"]
[White "MasterKroket"]
[Black "Slovak_fighter2000"]
[Result "1-0"]
[WhiteElo "2358"]
[BlackElo "2426"]
[TimeControl "180+2"]
[EndTime "14:11:10 PDT"]
[Termination "MasterKroket won by resignation"]

1. d4 g6 2. c4 Bg7 3. Nf3 Nf6 4.
Nc3 d6 5. e4 O-O 6. Be2 Bg4 7.
O-O Nfd7 8. Be3 Nc6 9. d5 Ncb8 10. Nd4 Bxe2 11. Qxe2 c5 12. Nc2 a6 13. f4 b5 14.
cxb5 axb5 15. Qxb5 Na6 16. Qe2 Nc7 17. a4 Qb8 18. Nb5 Nxb5 19. axb5 Bxb2 20. Rxa8 Qxa8 21.
Qc4 Nb6 22. Qb3 Bg7 23. Rb1 Qa5 24. Na3 Ra8 25. Nc4 Qa7 26. h3 Nxc4 27. Qxc4 Qb6 28.
e5 Ra3 29. Bf2 h5 30. h4 Bh6 31. g3 Bg7 32. Re1 Kh7 33. exd6 exd6 34. Re7 Kg8 35. Re8+ Kh7 36. f5 Ra1+ 37. Kg2 Rb1 38. Re7 Qxb5 39. fxg6+ fxg6 40. Qxb5 Rxb5 41. Re6 Be5 42. Be3 Rb2+ 43. Kf3 Rb3 44. Kf2 c4 45. Bf4 Bd4+ 46. Ke2 Rb2+ 47. Kd1 c3 48. Rxd6 Rg2 49. Rd7+ Kg8 50. Rc7 Rg1+ 51. Kc2 Rg2+ 52. Kd3 Bf6 53. d6 Kf8 54. d7 Bd8 55. Rc8 Ke7 56. Bg5+ Kxd7 57. Rxd8+ Ke6 58. Bf4 c2 59. Rc8 Kf5 60. Rxc2 Rg1 61. Rc5+ Kf6 62. Ke4 Re1+ 63. Be3 Ra1 64. Rc6+ Kg7 65. Bd4+ 1-0

[Event "*** Titled Tuesday Blitz"]
[Site "Chess.com"]
[Date "2019.05.07"]
[Round "5"]
[White "Orest_Vovk"]
[Black "korason34"]
[Result "1/2-1/2"]
[WhiteElo "2453"]
[BlackElo "2587"]
[TimeControl "180+2"]
[EndTime "14:11:16 PDT"]
[Termination "Game drawn - insufficient material"]

1. h4 e5 2. h5 Nc6 3. d3 h6 4. c4 Nf6 5. Nc3 d5 6. cxd5 Nxd5 7. g3 Be7 8. Bg2 Nb6 9. Nf3 O-O 10. Be3 Re8 11.
Qd2 Bf8 12. Rh4 Be6 13. Ne4 Nd4 14. Nxd4 exd4 15. Bf4 Nd5 16. Kf1 c5 17. Rc1 b6 18.
Kg1 Rc8 19. a3 Bf5 20. Bf3 Be7 21. Rh2 Nxf4 22. Qxf4 Bxe4 23. Bxe4 Bg5 24. Qf5 Rxe4 25. f4 Re3 26. fxg5 Rxg3+ 27. Rg2 Rxg2+ 28. Kxg2 Qxg5+ 29. Qxg5 hxg5 30. Kf3 Kh7 31. Rg1 Kh6 32. Rg4 Kxh5 33. Re4 Rc7 34. Re8 f5 35. b4 Kg6 36. bxc5 bxc5 37.
Re6+ Kf7 38. Ra6 Rb7 39. Rc6 Rb3 40. Rxc5 Rxa3 41. Rxf5+ Kg6 42. Rd5 Ra4 43. Kg4 a5 44.
Rxg5+ Kf6 45. Rf5+ Ke6 46. Rg5 Ra2 47. Rxg7 Rxe2 48.
Ra7 Ra2 49. Kf4 Kd5 50. Rd7+ Kc5 51. Rc7+ Kd5 52. Rd7+ Kc5 53. Rc7+ Kb4 54. Rc4+ Kb3 55. Ke4 Rh2 56. Kxd4 Rh4+ 57. Kd5 Rh5+ 58. Kc6 a4 59.
Rc1 Rh4 60. Kc5 Kb2 61. Rg1 a3 62. d4 a2 63. Rg2+ Kb3 64. Rxa2 Kxa2 65. d5 Kb3 66. d6 Rc4+ 67. Kb6 Kb4 68. d7 Rd4 69. Kc7 Kc5 70.
d8=Q Rxd8 71. Kxd8 1/2-1/2

[Event "*** Titled Tuesday Blitz"]
[Site "Chess.com"]
[Date "2019.05.07"]
[Round "5"]
[White "Shahinyan_ChessMood"]
[Black "Arystanner"]
[Result "0-1"]
[WhiteElo "2739"]
[BlackElo "2764"]
[TimeControl "180+2"]
[EndTime "14:11:22 PDT"]
[Termination "Arystanner won by resignation"]

1. c4 e5 2. Nc3 Nc6 3. g3 f5 4. Bg2 Nf6 5. e3 g6 6. Nge2 Bg7 7. O-O O-O 8. d4 d6 9. Rb1 a5 10. a3 Ne7 11. b4 axb4 12. axb4 c6 13. b5 Be6 14.
bxc6 bxc6 15. c5 e4 16. Rb7 Ned5 17. Nxd5 Nxd5 18. Qc2 Rf7 19. Rxf7 Bxf7 20. Bd2 dxc5 21. Qxc5 Ra2 22. Rd1 Qa8 23. Bf1 Bf8 24. Qc1 Qa4 25.
Nc3 Nxc3 26. Bxc3 Rc2 27. Qa1 Ra2 28. Qc1 Bd5 29. Rd2 Ra3 30. Rb2 Ra1 31. Rb1 Rxb1 32. Qxb1 Qa3 33. Be1 Qb3 34. Qa1 Qa3 35. Qb1 Qb3 36.
Qa1 Ba3 37. h4 Kf7 38. Ba5 Qb2 39. Qe1 Ke6 40. Bc3 Qc1 41. Qxc1 Bxc1 42. Bb4 Bb3 43. Ba6 Kd5 44. Bc8 Kc4 45. Bc5 Kd3 46. Kf1 Kd2 47.
Bb4+ Kd1 48. Bd7 Bc4+ 49. Kg2 Bd5 50. h5 Ke2 51. h6 Bxe3 52. fxe3 Kxe3 53. Be8 g5 54. Bg6 f4 55. Bxh7 f3+ 56. Kh2 f2 57. Kg2 Bc4 58. Bd2+ Ke2 59. Bxe4 f1=Q+ 60. Kh2 Kxd2 61.
h7 Qf8 0-1

[Event "*** Titled Tuesday Blitz"]
[Site "Chess.com"]
[Date "2019.05.07"]
[Round "5"]
[White "kharov2001"]
[Black "gliglu"]
[Result "1-0"]
[WhiteElo "2541"]
[BlackElo "2523"]
[TimeControl "180+2"]
[EndTime "14:11:32 PDT"]
[Termination "kharov2001 won by resignation"]

1. e4 c6 2. d4 d5 3. exd5 cxd5 4. c4 Nf6 5. Nc3 e6 6. Bg5 Be7 7. c5 O-O 8. Nf3 b6 9. b4 a5 10. a3 axb4 11. axb4 Rxa1 12. Qxa1 Nc6 13. Qb2 Ne4 14. Bxe7 Qxe7 15. b5 Na5 16. c6 Nd6 17. Qb4 Qc7 18.
Bd3 f5 19. O-O Ndc4 20. Re1 Qf4 21. Na4 g5 22. Nxb6 g4 23. Ne5 Qxd4 24. Nbxc4 dxc4 25. Bxc4 Nxc4 26. Qxc4 Qd2 27. Qe2 Qb4 28. Rd1 Qa5 29. g3 Rd8 30. Nd7 Bxd7 31. cxd7 Qb6 32. Qe5 Kf7 33.
Rd6 Qa5 34. Qxe6+ Kg7 35. Qe7+ Kg8 36. Qe8+ Kg7 37. Qe5+ Kg8 38. Qe6+ Kg7 39. Qf6+ Kg8 40. Qxf5 Qa1+ 41. Kg2 Qa8+ 42. Qd5+ Qxd5+ 43. Rxd5 Kf7 44. f3 Ke6 45. Rd2 gxf3+ 46. Kxf3 Ke7 47. b6 Rf8+ 48. Ke4 Kd8 49. Ke5 Rf1 50. b7 Rb1 51. Kf6 Rxb7 52.
Kg7 h5 53. Kg6 Rb5 54. h3 Rb3 55. Kxh5 Rxg3 56. h4 Rg1 57. Rd4 Rg8 58. Kh6 Rh8+ 59.
Kg7 Rh5 60. Kg6 Rh8 61. h5 Rg8+ 62. Kf7 Rh8 63. Rd5 Rh6 64. Kg7 Re6 65. h6 Re1 66.
Rg5 Re7+ 67. Kg8 Kxd7 68. Rg7 1-0

[Event "*** Titled Tuesday Blitz"]
[Site "Chess.com"]
[Date "2019.05.07"]
[Round "5"]
[White "riconaipe"]
[Black "maxip32"]
[Result "1/2-1/2"]
[WhiteElo "2435"]
[BlackElo "2413"]
[TimeControl "180+2"]
[EndTime "14:11:32 PDT"]
[Termination "Game drawn - insufficient material"]

1. d4 Nf6 2. c4 g6 3. Nc3 Bg7 4. e4 d6 5. Nge2 O-O 6. f3 Nc6 7. Be3 a6 8. Rc1 Bd7 9. Qd2 Na5 10.
Ng3 e5 11. dxe5 dxe5 12. b4 Nc6 13. Nd5 Be6 14. Be2 Nd4 15. O-O c6 16. Nxf6+ Bxf6 17. f4 exf4 18. Bxf4 Nxe2+ 19. Qxe2 Bg7 20. c5 Qd4+ 21.
Kh1 Qxb4 22. Bd6 Rfd8 23. Rb1 Qc4 24. Qf2 Rd7 25. e5 Qxa2 26. Qf4 Bd5 27. Ne4 Re8 28. Rbe1 Bxe4 29. Rxe4 Qe6 30. h3 Bf8 31. Rd4 Bxd6 32. exd6 Qe5 33. Qf2 Qxc5 34. Re4 Re5 35. Rxe5 Qxe5 36.
Re1 Qxd6 37. Qb2 Qd4 38. Qb3 Kg7 39. Qf3 Qd2 40. Rf1 Qd5 41. Qf6+ Kg8 42. Re1 Rd8 43. Re7 Qd1+ 44. Kh2 Qd6+ 45. Qxd6 Rxd6 46. Rxb7 c5 47. Rc7 a5 48. Rxc5 Ra6 49. Rc3 a4 50. Ra3 Kg7 51.
Kg3 Kf6 52. Kf4 Ke6 53. Kg5 f6+ 54. Kh6 Ra7 55. g4 Kd5 56. h4 Kc4 57. Rf3 a3 58.
Rxf6 a2 59. Rf1 a1=Q 60. Rxa1 Rxa1 61. Kxh7 Ra6 62. h5 gxh5 63. gxh5 Kd5 64. Kg7 Ke6 65. h6 Ra7+ 66. Kg6 Ra8 67. h7 Rb8 68. Kg7 Rb7+ 69.
Kg6 Rb8 70. Kg7 Kf5 71. h8=Q Rxh8 72. Kxh8 1/2-1/2